 Dungeon Crawl Stone Soup version 0.29-a0-275-g389c0b56f3 (webtiles) character file.

Game seed: 6144910979937985813

8 epen the Chiller (level 1, 0/14 HPs)
             Began as a Demigod Ice Elementalist on Mar 11, 2022.
             Slain by a kobold
             ... wielding a +0 short sword
              (1 damage)
             ... on level 1 of the Dungeon.
             The game lasted 00:00:18 (82 turns).

epen the Chiller (Demigod Ice Elementalist)           Turns: 82, Time: 00:00:18

Health: 0/14       AC:  2    Str:  9    XL:     1   Next: 80%
Magic:  2/5        EV: 12    Int: 17    God:
Gold:   8          SH:  0    Dex: 14    Spells: 2/3 levels left

rFire   . . .      SeeInvis .   (no weapon)
rCold   . . .      Faith    .   (no shield)
rNeg    . . .      Spirit   .   a - +0 robe
rPois   .          Reflect  .   (no helmet)
rElec   .          Harm     .   (no cloak)
rCorr   .          Rampage  .   (no gloves)
Will    .....                   (no boots)
Stlth   ++........              (no amulet)
HPRegen 0.04/turn               (no ring)
MPRegen 0.09/turn               (no ring)

@: no status effects
A: high MP 1, forlorn, divine attributes
a: no special abilities


You were on level 1 of the Dungeon.
You visited 1 branch of the dungeon, and saw 1 of its levels.

You collected 8 gold pieces.

Inventory:

Armour
 a - a +0 robe (worn)


   Skills:
 + Level 2.0 Dodging
 + Level 2.0 Stealth
 + Level 1.9 Spellcasting
 + Level 3.7 Ice Magic


You had 2 spell levels left.
You knew the following spells:

 Your Spells              Type           Power      Damage    Failure   Level
a - Freeze                Ice            56%        1d7       4%          1

Your spell library contained the following spells:

 Spells                   Type           Power      Damage    Failure   Level
 Frozen Ramparts          Ice            28%        1d4       13%         3
 Ozocubu's Armour         Ice            14%        N/A       13%         3
 Hailstorm                Conj/Ice       8%         3d4       65%         4


Dungeon Overview and Level Annotations

Branches:
Dungeon (1/15)


Innate Abilities, Weirdness & Mutations

You have an increased reservoir of magic. (+10% MP)
You shall have no god before yourself.
Your divine heritage dramatically boosts your attributes as you level up.


Message History

You closely miss the goblin. The goblin hits you with a +0 dagger.
You hit the goblin but do no damage. The goblin hits you with a +0 dagger.
* * * LOW HITPOINT WARNING * * *
A kobold comes into view. It is wielding a +0 short sword.
Casting: Freeze (safe; 4% risk of failure)
Confirm with . or Enter, or press ? or * to list all spells.
Aiming: Freeze (safe; 4% risk of failure)
Press: ? - help, Shift-Dir - straight line, f - goblin
Aim: a goblin, wielding a +0 dagger You freeze the goblin.
The goblin is severely wounded.
The goblin barely misses you.
You aren't carrying any scrolls.
Magic courses through your body. The goblin hits you with a +0 dagger.
* * * LOW HITPOINT WARNING * * *
Casting: Freeze (safe; 4% risk of failure)
Confirm with . or Enter, or press ? or * to list all spells.
Aiming: Freeze (safe; 4% risk of failure)
Press: ? - help, Shift-Dir - straight line, f/p - goblin
Aim: a goblin, wielding a +0 dagger (severely wounded)
You freeze the goblin.
You kill the goblin!
Your Dodging skill increases to level 2!
Casting: Freeze (safe; 4% risk of failure)
Confirm with . or Enter, or press ? or * to list all spells.
Aiming: Freeze (safe; 4% risk of failure)
Press: ? - help, Shift-Dir - straight line, f - kobold
Aim: a kobold, wielding a +0 short sword and quivering stones You freeze the kobold.
The kobold is moderately wounded.
The kobold closely misses you.
Casting: Freeze (safe; 4% risk of failure)
Confirm with . or Enter, or press ? or * to list all spells.
Aiming: Freeze (safe; 4% risk of failure)
Press: ? - help, Shift-Dir - straight line, f/p - kobold
Aim: a kobold, wielding a +0 short sword and quivering stones (moderately wounded)
You freeze the kobold.
The kobold is severely wounded.
The kobold hits you with a +0 short sword.
You die...

####### ....... .......
########
.......######......######
......KK@...'......+.....
.......######......######
....... ###..........
....... ###≈≈≈≈≈≈≈#
######. #≈≈≈≈≈≈≈≈≈ ..
#≈≈≈≈≈≈≈≈≈ .. #≈≈≈≈....≈
.. #≈≈≈≈≈...≈ #.(......≈


You could see 2 kobolds.

Vanquished Creatures
  A ball python (D:1)
  A goblin (D:1)
  3 jackals (D:1)
  A kobold (D:1)
6 creatures vanquished.

Notes
Turn   | Place    | Note
-------+----------+-------------------------------------------
     0 | D:1      | epen the Demigod Ice Elementalist began the quest for the
                  | Orb.
     0 | D:1      | Reached XP level 1. HP: 14/14 MP: 5/5
    82 | D:1      | Slain by a kobold

Illustrated notes

Levels and vault maps discovered:
D:1:      dpeg_arrival_pond, layout_basic, shapermc_ecumenical_altar_acropolis,
          serial_shops, nicolae_shop_behind_doors, minmay_tall_x

Skill      XL: |  1 |
---------------+----+-----
Stealth        | 2 |  2.0
Dodging        | 2 |  2.0
Spellcasting   | |  1.9
Ice Magic      | |  3.7

Action                   || total
-------------------------++-------
Melee: Unarmed           ||    12
 Cast: Freeze            ||    10
  Use: Potion            ||     1
 Stab: Sleeping          ||     1
Armor: Robe              ||     2
Dodge: Dodged            ||    10

Table legend: (Time is in decaauts)
 A = Elapsed time spent in this place.
 B = Non-inter-level travel time spent in this place.
 C = Inter-level travel time spent in this place.
 D = Time resting spent in this place.
 E = Time spent auto-exploring this place.
 F = Levels seen in this place.
 G = Mean time per level.
                   A        B        C        D        E       F      G
               +--------+--------+--------+--------+--------+-----+--------+
         Total |     82 |     82 |      0 |      0 |     50 |   1 |   82.0 |
       Dungeon |     82 |     82 |      0 |      0 |     50 |   1 |   82.0 |
               +--------+--------+--------+--------+--------+-----+--------+

Top non-repeatable levels by time:
     D:1: 82 daAuts
